 Dungeon Crawl Stone Soup version 0.22.1-2-g9c5b331 (webtiles) character file.

1877 SilentRunner the Basher (level 8, -4/68 HPs)
             Began as a Minotaur Fighter on Dec 16, 2018.
             Slain by a sixfirhy (5 damage)
             ... on level 7 of the Dungeon.
             The game lasted 00:53:07 (6670 turns).

SilentRunner the Basher (Minotaur Fighter)          Turns: 6670, Time: 00:53:08

Health: -4/68      AC: 14    Str: 28    XL:     8   Next: 91%
Magic:  7/7        EV:  6    Int:  5    God:
Gold:   209        SH: 11    Dex: 13    Spells: 7/7 levels left

rFire    . . .     SeeInvis .   i - +4 whip (venom)
rCold    . . .     Gourm    .   c - +0 shield
rNeg     . . .     Faith    .   m - +2 plate armour
rPois    .         Spirit   .   (helmet restricted)
rElec    .         Reflect  .   (no cloak)
rCorr    .         Harm     .   (no gloves)
MR       .....                  (no boots)
Stlth    ..........             (no amulet)
HPRegen  0.21/turn              B - ring of Pupien {Dex+3 Stlth+}
MPRegen  0.10/turn              (no ring)

@: mighty, berserk cooldown, slowed, very slow
A: retaliatory headbutt, horns 2
a: no special abilities


You were on level 7 of the Dungeon.
You were not hungry.

You visited 1 branch of the dungeon, and saw 7 of its levels.

You collected 209 gold pieces.

Inventory:

Hand Weapons
 a - a +0 hand crossbow
 e - a +0 hunting sling
 i - a +4 whip of venom (weapon)
 k - a +2 dagger of speed
 n - the +1 falchion of Greed {slice, rN++ Str+5 Int-2}
   (You found it on level 4 of the Dungeon)

   It inflicts extra damage upon your enemies.
   It affects your strength (+5).
   It affects your intelligence (-2).
   It greatly protects you from negative energy.
 y - a +0 whip
 A - a +0 shortbow
 E - a +0 scythe
 H - a +0 glaive
 I - a +0 long sword
 J - a +0 flail
 P - a cursed -1 flail
 U - a +0 flail
Missiles
 l - 18 bolts
 o - 98 sling bullets
 t - 158 stones
 M - 8 javelins (quivered)
 N - 80 arrows
 R - 4 tomahawks
 T - 2 tomahawks of dispersal
Armour
 c - a +0 shield (worn)
 m - a +2 plate armour (worn)
 p - a +0 ring mail
 x - a +0 chain mail
 C - a +0 chain mail
 G - a +0 plate armour
 K - a +0 ring mail
 O - a cursed +0 helmet
 Q - a +0 ring mail
 S - a cursed +0 plate armour
 W - a +2 leather armour of cold resistance
 X - a +2 leather armour of magic resistance
 Z - a +2 leather armour of fire resistance
Jewellery
 B - the ring of Pupien (left hand) {Dex+3 Stlth+}
   (You found it on level 4 of the Dungeon)

   [ring of dexterity]

   It affects your dexterity (+3).
   It makes you more stealthy.
 F - a cursed -4 ring of evasion
 V - an uncursed ring of fire
Wands
 u - a wand of iceblast (3)
 v - a wand of enslavement (13)
Scrolls
 b - 2 scrolls of magic mapping {unknown}
 h - 2 scrolls of amnesia
 s - 3 scrolls of teleportation
 L - 2 scrolls of identify
Potions
 d - 4 potions of might
 g - 2 potions of resistance {unknown}
 j - a potion of invisibility {unknown}
 q - a potion of curing
 r - a potion of berserk rage
 w - 2 potions of haste {unknown}
 z - a potion of magic {unknown}
 D - 4 potions of lignification {unknown}
 Y - a potion of flight {unknown}
Comestibles
 f - 6 rations


   Skills:
 + Level 5.1 Fighting
 + Level 3.1 Long Blades
 * Level 9.3 Maces & Flails
 + Level 3.0 Throwing
 + Level 6.2 Armour
 + Level 1.4 Dodging
 + Level 1.0 Stealth
 + Level 7.0 Shields


You had 7 spell levels left.
You didn't know any spells.
Your spell library was empty.

Dungeon Overview and Level Annotations

Branches:
Dungeon (7/15)
 Temple: D:4-7

Altars:
Ashenzari
Dithmenos


Innate Abilities, Weirdness & Mutations

You reflexively headbutt those who attack you in melee.
You have a pair of horns on your head.


Message History

The adder dies!
Found a scale mail.
The sixfirhy is no longer charmed.
The sixfirhy hits you. The sixfirhy shocks you!
* * * LOW HITPOINT WARNING * * *
You block the sixfirhy's attack.
Aiming: Enslavement
Press: ? - help, Shift-Dir - straight line, f/p - sixfirhy
Aim: a sixfirhy (chance to defeat MR: 15%)
The sixfirhy resists with almost no effort.
You block the sixfirhy's attack.
The sixfirhy hits you but does no damage.
The sixfirhy barely misses you.
The sixfirhy hits you but does no damage.
The sixfirhy hits you!
* * * LOW HITPOINT WARNING * * *
The sixfirhy shocks you!
* * * LOW HITPOINT WARNING * * *
The sixfirhy hits you.
You die...

#...####
#$####."..†.#
....(...#.#.#
#.#####.>.#.#
#####.# #.#
####.# #.3..#
#@#### #.#
[.# ##.# #.#
..# #.# #.#


You could see a sixfirhy.

Vanquished Creatures
  Sigmund (D:2)
  A hungry ghost (D:7)
  A black bear (D:6)
  3 orc warriors
  A necrophage (D:6)
  A centaur (D:5)
  A bullfrog (D:6)
  A scorpion (D:7)
  2 crimson imps
  4 hounds
  An orc priest (D:6)
  4 bullfrog skeletons
  8 orc wizards
  Terence (D:2)
  2 iguanas
  2 worker ants
  A hound skeleton (D:4)
  5 adders
  4 gnolls
  3 shadow imps (D:6)
  2 oozes (D:2)
  An adder skeleton (D:4)
  4 worms
  4 dart slugs
  2 leopard geckos
  17 orcs
  10 bats
  6 giant cockroaches
  5 goblins
  13 hobgoblins
  5 jackals
  5 quokkas
  6 frilled lizards
  8 kobolds
  A leopard gecko skeleton (D:4)
  9 rats
145 creatures vanquished.

Vanquished Creatures (collateral kills)
  An adder (D:7)
  A butterfly (D:7)
2 creatures vanquished.

Grand Total: 147 creatures vanquished

Notes
Turn   | Place    | Note
-------+----------+-------------------------------------------
     0 | D:1      | SilentRunner the Minotaur Fighter began the quest for the
                  | Orb.
     0 | D:1      | Reached XP level 1. HP: 19/19 MP: 0/0
   262 | D:1      | Reached XP level 2. HP: 27/27 MP: 1/1
   712 | D:1      | Reached skill level 3 in Maces & Flails
  1265 | D:2      | Noticed Terence
  1276 | D:2      | Killed Terence
  1276 | D:2      | Reached XP level 3. HP: 25/33 MP: 2/2
  1407 | D:2      | Reached XP level 4. HP: 40/40 MP: 3/3
  1503 | D:2      | Noticed Sigmund
  1553 | D:2      | Killed Sigmund
  1553 | D:2      | Reached skill level 5 in Maces & Flails
  1553 | D:2      | Reached skill level 1 in Throwing
  1553 | D:2      | Reached skill level 1 in Dodging
  1553 | D:2      | Reached XP level 5. HP: 5/46 MP: 4/4
  1841 | D:2      | Reached XP level 6. HP: 52/52 MP: 5/5
  2640 | D:3      | Noticed an orc warrior
  2674 | D:3      | Killed an orc warrior
  2674 | D:3      | Reached skill level 6 in Maces & Flails
  3032 | D:3      | Found a shattered altar of Ashenzari.
  3640 | D:4      | Got an ivory falchion
  3641 | D:4      | Identified the cursed +1 falchion of Greed {slice, rN++
                  | Str+5 Int-2} (You found it on level 4 of the Dungeon)
  3663 | D:4      | Reached XP level 7. HP: 60/60 MP: 6/6
  3740 | D:4      | Got a translucent pewter ring
  3759 | D:4      | Reached skill level 5 in Armour
  3898 | D:4      | Identified the ring of Pupien {Dex+3 Stlth+} (You found it
                  | on level 4 of the Dungeon)
  4249 | D:5      | Entered Level 5 of the Dungeon
  4293 | D:5      | Reached skill level 5 in Shields
  4601 | D:5      | Reached skill level 7 in Maces & Flails
  4601 | D:5      | Reached skill level 1 in Stealth
  5068 | D:6      | Reached skill level 1 in Long Blades
  5074 | D:6      | Reached XP level 8. HP: 20/67 MP: 7/7
  5631 | D:6      | Found a shadowy altar of Dithmenos.
  5855 | D:6      | Reached skill level 8 in Maces & Flails
  6200 | D:6      | Reached skill level 5 in Fighting
  6518 | D:7      | Reached skill level 9 in Maces & Flails
  6567 | D:7      | Found a runed door.
  6567 | D:7      | Noticed a sixfirhy
  6608 | D:7      | HP: 2/68 [sixfirhy (10)]
  6670 | D:7      | HP: 1/68 [sixfirhy (9)]
  6670 | D:7      | Slain by a sixfirhy

Skill      XL: |  1  2  3  4  5  6  7  8 |
---------------+-------------------------+-----
Shields        | 4 5 7 |  7.0
Armour         | 4 5 6 |  6.2
Maces & Flails | 3 5 6 7 9 |  9.3
Fighting       | 4 5 |  5.1
Throwing       | 1 2 3 |  3.0
Dodging        | 1 |  1.4
Stealth        | 1 |  1.0
Long Blades    | 2 3 |  3.1

Action                   |  1- 3 |  4- 6 |  7- 9 || total
-------------------------+-------+-------+-------++-------
Melee: Whip              |    53 |   113 |   142 ||   308
       Flail             |     4 |       |       ||     4
       Headbutt          |     6 |    30 |    39 ||    75
       Falchion          |       |       |    67 ||    67
Throw: Stone             |    53 |    35 |    10 ||    98
       Javelin           |       |       |     4 ||     4
Evoke: Wand              |       |       |     4 ||     4
  Use: Potion            |     1 |       |     7 ||     8
       Scroll            |       |    11 |     9 ||    20
  Eat: Chunk             |     1 |     3 |     2 ||     6
       Ration            |       |     2 |     3 ||     5
Armor: Scale mail        |    25 |    15 |       ||    40
       Plate armour      |       |    16 |   103 ||   119
Dodge: Dodged            |    19 |    32 |    42 ||    93
Block: Shield            |    29 |    54 |   106 ||   189
       Rpst.: Falchion   |       |       |     2 ||     2
